cohdb
Replays
Latest Replays
All Replays
Popular Replays
Top Player Replays
Match Explorer
How It Works
Community
CoH3 Stats
Reddit
Sign in to upload your games and track your stats! →
Sign in with Steam
Match 45787555
Unlisted
Match 45787555
Overview
Messages
Build Orders
End
Construct Barracks
Selects Special Operations Battlegroup
Selects M29 Weasel Recon Vehicle
Riflemen Squad
M29 Weasel Recon Vehicle
Riflemen Squad
Construct Medical Station
Construct Weapon Support Center
Selects Smoke Screen
M1 Mortar Team
Infantry Support Center
Grenade Package
Smoke Screen
M1919 Machine Gun Team
M1918 Browning Automatic Rifles
M3 Armored Personnel Carrier
Bazooka Squad
Improved M9 Bazooka Rockets
Smoke Screen
Construct Motor Pool
M24 Chaffee Light Tank
Selects P-47 Anti-Infantry Loiter
P-47 Anti-Infantry Loiter
Smoke Screen
Riflemen Squad
M1 Anti-tank Gun Team
P-47 Anti-Infantry Loiter
Construct Tank Depot
Smoke Screen
Lavi
你
Navigator
Kag_Warduff
Honey
khj
670046346
louis.boulain
0
0
Comments
sign in to comment!
No comments posted yet!